 Dungeon Crawl Stone Soup version 0.28-b1-25-g9875b3fc8c (webtiles) character file.

Game seed: 14518899935210747512

508 tizbic2 the Ducker (level 6, -2/50 HPs)
             Began as a Demigod Gladiator on Feb 2, 2022.
             Shot with an arrow by a centaur (3 damage)
             ... on level 5 of the Dungeon.
             The game lasted 00:28:15 (5291 turns).

tizbic2 the Ducker (Demigod Gladiator)              Turns: 5291, Time: 00:28:16

Health: -2/50      AC:  8    Str: 19    XL:     6   Next: 65%
Magic:  19/19      EV: 13    Int: 10    God:
Gold:   42         SH:  0    Dex: 19    Spells: 7/7 levels left

rFire   . . .      SeeInvis .   w - +0 falchion
rCold   . . .      Faith    .   (no shield)
rNeg    . . .      Spirit   .   g - +0 ring mail
rPois   .          Reflect  .   c - +2 helmet
rElec   .          Harm     .   (no cloak)
rCorr   .          Rampage  .   (no gloves)
Will    .....                   (no boots)
Stlth   +.........              s - amulet of magic regeneration
HPRegen 0.16/turn               u - ring of magical power
MPRegen 0.56/turn               (no ring)

@: no status effects
A: high MP 1, forlorn, divine attributes
a: no special abilities


You were on level 5 of the Dungeon.
You visited 1 branch of the dungeon, and saw 5 of its levels.

You collected 182 gold pieces.
You spent 140 gold pieces at shops.

Inventory:

Hand Weapons
 a - a +0 long sword
 n - a +3 dagger
 q - a +2 broad axe of draining
 w - a +0 falchion (weapon)
Missiles
 b - 12 poisoned darts
 d - 3 throwing nets
 i - 108 stones (quivered)
 k - 46 bolts
 v - 5 javelins
Armour
 c - a +2 helmet (worn)
 g - a +0 ring mail (worn)
Jewellery
 s - an amulet of magic regeneration (around neck)
 u - a ring of magical power (left hand)
Scrolls
 e - 3 scrolls of teleportation
 f - 2 scrolls of enchant armour
 h - 6 scrolls of identify
 j - a scroll of holy word
 r - a scroll of enchant weapon {unknown}
 t - a scroll of magic mapping {unknown}
Potions
 l - a potion of might
 m - a potion of lignification {unknown}
 o - 2 potions of mutation {unknown}
 p - a potion of flight {unknown}


   Skills:
 + Level 2.9 Fighting
 + Level 3.9 Long Blades
 + Level 2.4 Throwing
 * Level 4.3 Dodging
 + Level 2.4 Unarmed Combat
 - Level 1.0 Spellcasting
 - Level 2.0 Evocations


You had 7 spell levels left.
You didn't know any spells.
Your spell library contained the following spells:

 Spells                   Type           Power      Damage    Failure   Level
 Corpse Rot               Necr/Air       0%         N/A       65%         2
 Poisonous Vapours        Pois/Air       0%         N/A       65%         2


Dungeon Overview and Level Annotations

Branches:
Dungeon (5/15)             Temple (0/1) D:4

Shops:
D:4 *[(!*

Annotations:
D:4 3 runed translucent doors, adizb's ghost, novice MfGl


Innate Abilities, Weirdness & Mutations

You have an increased reservoir of magic. (+10% MP)
You shall have no god before yourself.
Your divine heritage dramatically boosts your attributes as you level up.


Message History

You slash the necrophage!
The necrophage is severely damaged.
The necrophage barely misses you.
You hit the necrophage but do no damage.
The necrophage is severely damaged.
The necrophage closely misses you.
You hit the necrophage.
The necrophage is almost destroyed.
The necrophage misses you.
You hit the necrophage.
You destroy the necrophage!
Items here: ) †††.
x - a +0 club You drop a +0 club.
You start resting.
HP restored.
A centaur comes into view.
The centaur shouts!
The centaur wields a +0 shortbow.
The centaur shoots an arrow.
The arrow hits you!
The centaur shoots an arrow.
The arrow hits you.
The centaur shoots an arrow.
The arrow hits you.
An orc priest comes into view. It is wielding a +0 dagger.
The centaur shoots an arrow.
The arrow misses you.
A black bear comes into view.
The black bear growls angrily.
The orc priest mumbles some strange prayers to Beogh against you.
Pain shoots through your body!
You slash the orc priest!
The orc priest is heavily wounded.
The orc priest closely misses you.
The centaur shoots an arrow.
The arrow barely misses you.
The orc priest mumbles some strange prayers to Beogh against you.
Beogh smites you!
* * * LOW HITPOINT WARNING * * *
The centaur shoots an arrow.
The arrow closely misses you.
The centaur shoots an arrow.
The arrow hits you!
* * * LOW HITPOINT WARNING * * *
The centaur shoots an arrow.
The arrow hits you.
You die...

#. #.#. .# #.#.....
#.. ###.#.#... ... #
..... ..##.## ..
#...###.#... .#
.######.#.# .... ..
..........###.# .#
###...#.#...c.##.##...
........@.o#....Z....#
###...#.#....Z.#.#....
##. #.#....#.# # .
####.####...# #...#
###.... #+# ###...###
##.#..
#.########.......#
....
##........#.......#
#.##
......###.#.......# .#


You could see a centaur, an orc priest and a centaur skeleton.

Vanquished Creatures
  A necrophage (D:5)
  A scorpion (D:3)
  3 hounds
  2 iguanas
  Robin (D:1)
  7 gnolls (D:2)
  5 adders
  3 adder skeletons (D:4)
  2 worms (D:2)
  2 dart slugs
  2 orcs
  10 ball pythons
  5 bats
  4 endoplasms
  3 giant cockroaches
  6 hobgoblins
  4 quokkas
  4 frilled lizards
  15 goblins
  6 kobolds
  7 rats
93 creatures vanquished.

Notes
Turn   | Place    | Note
-------+----------+-------------------------------------------
     0 | D:1      | tizbic2 the Demigod Gladiator began the quest for the Orb.
     0 | D:1      | Reached XP level 1. HP: 17/17 MP: 3/3
   418 | D:1      | Reached XP level 2. HP: 24/24 MP: 4/4
   824 | D:1      | Reached skill level 3 in Dodging
  1104 | D:2      | Noticed Robin
  1155 | D:2      | Reached skill level 1 in Evocations
  1172 | D:1      | HP: 1/24 [Robin (4)]
  1214 | D:1      | Killed Robin
  1215 | D:1      | Reached XP level 3. HP: 5/29 MP: 4/6
  1728 | D:2      | Reached skill level 1 in Unarmed Combat
  2211 | D:2      | Reached XP level 4. HP: 13/36 MP: 7/7
  3078 | D:2      | Reached skill level 1 in Spellcasting
  3089 | D:2      | Reached XP level 5. HP: 12/42 MP: 9/9
  4374 | D:4      | Found Cagoeng's Distillery.
  4473 | D:4      | Found a staircase to the Ecumenical Temple.
  4533 | D:4      | Found Puor's Assorted Antiques.
  4536 | D:4      | Bought a dented pearl amulet for 140 gold pieces
  4563 | D:4      | Reached XP level 6. HP: 43/50 MP: 10/10
  4637 | D:4      | Found Gaphecoh's Armour Boutique.
  4657 | D:4      | Reached skill level 4 in Dodging
  4817 | D:4      | Found Aliela's General Store.
  4835 | D:4      | Found Fohoedehad's Weapon Boutique.
  4849 | D:4      | Found a runed translucent gate.
  4850 | D:4      | Found a runed translucent gate.
  4850 | D:4      | Noticed adizb's ghost (novice MfGl)
  4854 | D:4      | Found a runed translucent gate.
  5027 | D:5      | Entered Level 5 of the Dungeon
  5291 | D:5      | HP: 1/50 [centaur/arrow (12)]
  5291 | D:5      | Shot with an arrow by a centaur

Illustrated notes

Levels and vault maps discovered:
D:1:      dpeg_arrival_simpleton_c, layout_loops_corners,
          ebering_ecumenical_altar_rust
D:2:      minmay_spotlight, layout_loops_corners,
          hangedman_decor_clover_reticule, st_stairs_8, minmay_close_crescents,
          uniq_robin
D:3:      layout_basic, cheibrodos_ashenzari_chains, minivault_11
D:4:      layout_rooms, minmay_temple_entry_statues_fountains,
          gammafunk_ghost_nasty_kobolds, serial_shops, shop_statue,
          nicolae_shop_bloodbath_and_beyond, nicolae_square_shop,
          kennysheep_mini_moat, shop
D:5:      layout_loops_corners, minmay_fractal_squares_5

Skill      XL: |  1  2  3  4  5  6 |
---------------+-------------------+-----
Dodging        | 3 4 |  4.3
Evocations     | 1 2 |  2.0
Fighting       | 2 |  2.9
Unarmed Combat | 1 2 |  2.4
Long Blades    | 3 |  3.9
Spellcasting   | 1 |  1.0
Throwing       | 2 |  2.4

Action                   |  1- 3 |  4- 6 || total
-------------------------+-------+-------++-------
Melee: Long sword        |    95 |     7 ||   102
       Dagger            |    28 |   106 ||   134
       Punch             |     1 |     1 ||     2
       Broad axe         |       |    32 ||    32
       Falchion          |       |    27 ||    27
Throw: Dart              |     9 |     9 ||    18
       Stone             |    23 |    42 ||    65
       Throwing net      |     1 |     5 ||     6
  Use: Scroll            |     4 |     1 ||     5
 Stab: Held in net/web   |       |     2 ||     2
Armor: Ring mail         |    53 |    52 ||   105
       Leather armour    |     1 |       ||     1
Dodge: Dodged            |    98 |   106 ||   204
